 Dungeon Crawl Stone Soup version bcrawl-1.41.1 (webtiles) character file.

Game seed: 782219256841331715

166683 Grimmash the Sneak (level 6, -6/44 HPs)
             Began as a Formicid Archaeologist on Apr 18, 2024.
             Was an Initiate of Cheibriados.
             Mangled by an ogre
             ... wielding a +0 giant club
              (8 damage)
             ... on level 4 of the Dungeon.
             The game lasted 00:05:29 (3091 turns).

Grimmash the Sneak (Formicid Archaeologist)         Turns: 3091, Time: 00:05:29

Health: -6/44      AC: 14    Str: 19    XL:     6   Next: 57%
Magic:  8/8        EV:  0    Int: 14    God:    Cheibriados [......]
Gold:   131        SH: 12    Dex: 10    Spells: 8/8 levels left

rFire    . . .     GDR:     24% a - +0 flail
rCold    . . .     SeeInvis +   g - +0 large shield {rN+}
rNeg     + . .     Gourm    .   A - +0 plate armour
rPois    .         Faith    .   (helmet unavailable)
rElec    .         Spirit   .   t - +0 cloak
rCorr    .         Reflect  .   (no gloves)
MR       .....                  d - +1 pair of boots
Stlth    ..........             y - amulet of regeneration
HPRegen  0.41/turn              (no ring)
MPRegen  0.11/turn              (no ring)

@: very slow
A: permanent stasis, dig shafts and tunnels, four strong arms, antennae 3
a: Dig, Shaft Self, Bend Time, Renounce Religion


You were on level 4 of the Dungeon.
You worshipped Cheibriados.
Cheibriados was noncommittal.
You were near starving.

You visited 2 branches of the dungeon, and saw 5 of its levels.

You collected 131 gold pieces.

Inventory:

Hand Weapons
 a - a +0 flail (weapon)
 b - a +0 blowgun
 n - a +0 hunting sling
Missiles
 h - 67 curare-tipped needles
 m - 25 poisoned needles
 o - 584 arrows
Armour
 d - a +1 pair of boots (worn)
 g - a +0 large shield of positive energy (worn)
 t - a +0 cloak (worn)
 A - a +0 plate armour (worn)
Jewellery
 y - an amulet of regeneration (around neck)
Wands
 x - a wand of flame (23)
Scrolls
 f - 3 scrolls of revelation
 i - 2 scrolls of identify
 j - a scroll of teleportation {unknown}
 k - 2 scrolls of remove curse {unknown}
 l - a scroll of blinking {unknown}
 p - a scroll of enchant armour {unknown}
 s - a scroll of enchant weapon {unknown}
 w - 3 scrolls of immolation {unknown}
 C - a scroll of fear {unknown}
Potions
 c - a potion of flight {unknown}
 q - a potion of curing {unknown}
 r - a potion of brilliance {unknown}
 u - 4 potions of mutation {unknown}
 v - a potion of heal wounds {unknown}
 z - a potion of agility {unknown}
 B - a potion of might {unknown}
Comestibles
 e - 3 rations {!d}


   Skills:
 * Level 2.1 Fighting
 * Level 3.0 Maces & Flails
 * Level 1.8 Armour
 * Level 3.9 Dodging
 + Level 4.6 Stealth
 * Level 1.8 Shields
 + Level 1.5 Spellcasting
 * Level 0.6 Invocations
 * Level 0.1 Evocations


You had 8 spell levels left.
You didn't know any spells.
Your spell library was empty.

Dungeon Overview and Level Annotations

Branches:
Dungeon (4/12)             Temple (1/1) D:4

Altars:
Cheibriados
Dithmenos
Fedhas
Gozag
Hepliaklqana
Kikubaaqudgha
Makhleb
Nemelex Xobeh
Okawaru
Qazlal
Ru
Sif Muna
Trog
Uskayaw
Vehumet
Xom


Innate Abilities, Weirdness & Mutations

You cannot be hasted, slowed, berserked, paralysed or teleported.
You can dig through walls and to a lower floor.
Your four strong arms can wield two-handed weapons with a shield.
You have a pair of large antennae on your head. (SInv)


Message History

You are too injured to fight recklessly!
You are too injured to fight recklessly!
You are too injured to fight recklessly!
You are too injured to fight recklessly!
You are too injured to fight recklessly!
No path to travel!
Your shield and plate armour prevent you from hitting the ogre.
You block the ogre's attack.
You hit the ogre.
The ogre is lightly wounded.
The ogre hits you with a +0 giant club!
* * * LOW HITPOINT WARNING * * *
Your shield and plate armour prevent you from hitting the ogre.
The ogre is lightly wounded.
The ogre hits you with a +0 giant club!
* * * LOW HITPOINT WARNING * * *
Your shield and plate armour prevent you from hitting the ogre.
The ogre is lightly wounded.
The ogre hits you with a +0 giant club!
You die...

. ######..... ###
..[....... ###### ...
..#.|... #.....
##..####.#... #.....
.#.......<#.#+#####.....
......#.....#.#.........
......O@...##.#.#####.##
......#.#..##.#.# #...##
..... #.#..##.#.# #.####
.... #.#.....#.# #.#[..
#.. #.#..##.#.# #.#...
.. #.#.......###'#... #
..##.##.####......
####.##.# #...#.. #.##.#
#...###


You could see an ogre.

Vanquished Creatures
  A scorpion (D:4)
  An orc priest (D:3)
  A crimson imp (D:3)
  An orc wizard (D:3)
  A worker ant (D:3)
  2 adders
  2 worms
  A dart slug (D:2)
  3 leopard geckos
  4 orcs
  5 bats
  5 giant cockroaches
  9 goblins
  8 hobgoblins
  9 jackals
  A ball python (D:2)
  3 frilled lizards
  17 kobolds
  9 rats
83 creatures vanquished.

Notes
Turn   | Place    | Note
-------+----------+-------------------------------------------
     0 | D:1      | Grimmash the Formicid Archaeologist began the quest for the
                  | Orb.
     0 | D:1      | Reached XP level 1. HP: 15/15 MP: 1/1
   215 | D:1      | Reached XP level 2. HP: 21/21 MP: 2/2
   478 | D:1      | Reached XP level 3. HP: 17/26 MP: 3/3
   970 | D:1      | Reached skill level 1 in Spellcasting
  1194 | D:2      | Reached XP level 4. HP: 32/32 MP: 5/5
  1571 | D:2      | Found a burning altar of Makhleb.
  1571 | D:2      | Found a radiant altar of Vehumet.
  1983 | D:3      | Reached skill level 1 in Armour
  1983 | D:3      | Reached XP level 5. HP: 33/38 MP: 6/6
  1983 | D:3      | Identified a scroll of acquirement
  2038 | D:4      | Noticed an ogre
  2102 | D:3      | Reached XP level 6. HP: 39/44 MP: 8/8
  2789 | D:3      | Reached skill level 1 in Shields
  2813 | D:4      | Found a staircase to the Ecumenical Temple.
  2834 | Temple   | Entered the Ecumenical Temple
  2837 | Temple   | Became a worshipper of Cheibriados the Contemplative
  3090 | D:4      | HP: 1/44 [ogre/+0 giant club (10)]
  3091 | D:4      | Mangled by an ogre

Skill      XL: |  1  2  3  4  5  6 |
---------------+-------------------+-----
Dodging        | 3 |  3.9
Spellcasting   | 1 |  1.5
Maces & Flails | 2 3 |  3.0
Armour         | 1 |  1.8
Fighting       | 2 |  2.1
Shields        | 1 |  1.8
Stealth        | |  4.6
Invocations    | |  0.6
Evocations     | |  0.1

Action                   |  1- 3 |  4- 6 || total
-------------------------+-------+-------++-------
Melee: Whip              |    24 |       ||    24
       Mace              |   116 |   249 ||   365
       Flail             |       |    25 ||    25
  Use: Scroll            |       |     2 ||     2
 Stab: Sleeping          |     5 |     3 ||     8
  Eat: Chunk             |     5 |    11 ||    16
       Ration            |       |     1 ||     1
Armor: Robe              |    71 |    84 ||   155
       Plate armour      |       |    65 ||    65
Dodge: Dodged            |   115 |   124 ||   239
Block: Large shield      |       |   114 ||   114
